 Dungeon Crawl Stone Soup version 0.16.2-12-gd0ad4c3 (webtiles) character file.

619 Japsu the Shield-Bearer (level 7, 0/44 HPs)
             Began as a Gargoyle Fighter on Oct 4, 2015.
             Slain by an orc
             ... wielding a +0 mace
              (3 damage)
             ... on level 4 of the Dungeon on Oct 5, 2015.
             The game lasted 00:20:30 (3425 turns).

Japsu the Shield-Bearer (Gargoyle Fighter)          Turns: 3425, Time: 00:20:30

Health: 0/44       AC: 17    Str: 20    XL:     7   Next: 46%
Magic:  7/7        EV: 12    Int:  8    God:
Gold:   175        SH: 10    Dex: 16    Spells: 0 memorised, 6 levels left

rFire  . . .     SeeInvis .     a - +0 flail
rCold  . . .     Clarity  .     g - +4 scale mail
rNeg   + . .     SustAb   .     c - +0 shield
rPois  ∞         Gourm    .     (no helmet)
rElec  +         Spirit   .     (no cloak)
rCorr  .         Warding  .     q - +0 pair of gloves
rMut   .         Stasis   .     (no boots)
MR     .....                    (no amulet)
Stlth  ++........               (no ring)
                                (no ring)

@: agile, very slightly contaminated, not resistant to hostile enchantments,
unstealthy
A: negative energy resistance 1, electricity resistance, unbreathing,
petrification resistance, rot immunity, AC +4
a: no special abilities


You were on level 4 of the Dungeon.
You were not hungry.

You visited 1 branch of the dungeon, and saw 4 of its levels.
You also visited: Ossuary.

You collected 175 gold pieces.

Inventory:

Hand weapons
 a - a +0 flail (weapon)
 e - a +0 dagger of venom
 i - a cursed +0 hunting sling of flaming
Armour
 b - a +0 scale mail
 c - a +0 shield (worn)
 g - a +4 scale mail (worn)
 h - a +0 plate armour
 p - a +0 ring mail
 q - a +0 pair of gloves (worn)
Jewellery
 k - an uncursed ring of see invisible {unknown}
Scrolls
 f - a scroll of identify
 m - a scroll of magic mapping {unknown}
 n - a scroll of fear {unknown}
 s - a scroll of amnesia
 t - a scroll of recharging {unknown}
Potions
 j - 3 potions of cancellation
 l - a potion of cure mutation {unknown}
 o - 2 potions of curing {unknown}
Comestibles
 d - 4 bread rations
 r - 5 fruits
 v - a meat ration


   Skills:
 + Level 5.0 Fighting
 + Level 5.1 Maces & Flails
 - Level 4.4 Armour
 - Level 1.2 Stealth
 - Level 5.5 Shields


You had 6 spell levels left.
You didn't know any spells.

Dungeon Overview and Level Annotations

Branches:
Dungeon (4/15)
 Temple: D:4-7

Altars:


Innate Abilities, Weirdness & Mutations

You are resistant to torment.
You are immune to poison.
Your stone body is very resilient (AC +4).
You resist negative energy.
You are resistant to electric shocks.
You can survive without breathing.
You are immune to petrification.
You are immune to rotting.


Message History

* * * LOW HITPOINT WARNING * * *
You block the orc's attack.
You hit the orc wizard.
The orc wizard is heavily wounded.
The orc wizard hits you but does no damage.
You block the orc's attack. The orc closely misses you.
You block the orc's attack. The orc closely misses you.
The orc wizard gestures at you while chanting.
The magic dart hits you!
Your shield and scale mail prevent you from hitting the orc wizard.
The orc wizard is heavily wounded.
The orc wizard casts a spell.
The orc wizard blinks!
You block the orc's attack. You block the orc's attack.
The orc hits you but does no damage. The orc barely misses you.
The orc misses you.
The orc wizard gestures at you while chanting.
The magic dart hits you!
* * * LOW HITPOINT WARNING * * *
The orc hits you with a mace.
You die...

#.# # ###.# #
#...## # #
#.###.#.# # #.
#.#.## #######
#.###....#
#......
#.....#..#
#.#####
#####.#.#o#..#
#.#
#......o.@.o.#
#.#
/.....#o#o##.#
#.#####
.###.....# #
#......
###....
..........####
######
........##
#########


You could see an orc wizard and 4 orcs.

Vanquished Creatures
  Grinder (D:3)
  An ogre (D:4)
  A scorpion (D:3)
  A jelly (D:4)
  An orc priest (D:4)
  2 orc wizards
  2 worker ants (D:4)
  A mummy (Ossuary)
  3 adders (D:4)
  An adder skeleton (D:4)
  5 giant geckos
  9 orcs
  15 bats
  7 giant cockroaches
  6 hobgoblins
  4 jackals (D:3)
  3 ball pythons
  2 giant newts (D:3)
  5 goblins
  8 kobolds
  A kobold zombie (Ossuary)
  6 rats
  A rat zombie (Ossuary)
86 creatures vanquished.

Notes
Turn   | Place    | Note
--------------------------------------------------------------
     0 | D:1      | Japsu, the Gargoyle Fighter, began the quest for the Orb.
     0 | D:1      | Reached XP level 1. HP: 14/14 MP: 1/1
   166 | D:1      | Reached XP level 2. HP: 17/19 MP: 2/2
  1231 | D:2      | Reached XP level 3. HP: 23/23 MP: 3/3
  1235 | D:2      | Reached skill level 4 in Shields
  2118 | D:3      | Noticed a scorpion
  2122 | D:3      | Killed a scorpion
  2122 | D:3      | Reached XP level 4. HP: 22/29 MP: 4/4
  2226 | D:3      | Reached XP level 5. HP: 27/33 MP: 5/5
  2356 | D:3      | Noticed Grinder
  2371 | D:3      | Paralysed by Grinder for 3 turns
  2392 | D:3      | Killed Grinder
  2392 | D:3      | Reached skill level 1 in Stealth
  2392 | D:3      | Reached skill level 5 in Shields
  2392 | D:3      | Reached XP level 6. HP: 20/38 MP: 6/6
  2755 | D:4      | Found a sand-covered staircase.
  2799 | Ossuary  | Entered an ossuary
  3138 | D:4      | Reached XP level 7. HP: 44/44 MP: 7/7
  3417 | D:4      | Reached skill level 5 in Maces & Flails
  3418 | D:4      | Reached skill level 5 in Fighting
  3425 | D:4      | Slain by an orc

Action                   |  1- 3 |  4- 6 |  7- 9 || total
-------------------------+-------+-------+-------++-------
Melee: Flail             |   146 |   168 |    52 ||   366
  Use: Scroll            |     4 |     3 |     2 ||     9
       Potion            |     4 |     1 |     1 ||     6
  Eat: Chunk             |     2 |       |       ||     2
       Bread ration      |     1 |     1 |       ||     2
